 Dungeon Crawl Stone Soup version 0.27-a0-1217-g8a41f320e8 (webtiles) character file.

Game seed: 14287062265312844653

43 Zonian the Conjurer (level 3, 0/24 HPs)
             Began as a Human Conjurer on June 6, 2021.
             Slain by Natasha (1 damage)
             ... on level 2 of the Dungeon.
             The game lasted 00:01:45 (1811 turns).

Zonian the Conjurer (Human Conjurer)                Turns: 1811, Time: 00:01:46

Health: 0/24       AC:  2    Str:  7    XL:     3   Next: 82%
Magic:  3/6        EV: 12    Int: 19    God:
Gold:   64         SH:  0    Dex: 11    Spells: 5/6 levels left

rFire    . . .     SeeInvis .   j - +0 short sword
rCold    . . .     Faith    .   (no shield)
rNeg     . . .     Spirit   .   a - +0 robe
rPois    .         Reflect  .   (no helmet)
rElec    .         Harm     .   (no cloak)
rCorr    .         Rampage  .   (no gloves)
Will     .....                  (no boots)
Stlth    ++........             (no amulet)
HPRegen  0.08/turn              (no ring)
MPRegen  0.10/turn              (no ring)

@: no status effects
A: no striking features
a: no special abilities


You were on level 2 of the Dungeon.
You visited 1 branch of the dungeon, and saw 2 of its levels.

You collected 64 gold pieces.

Inventory:

Hand Weapons
 i - a +0 dagger
 j - a +0 short sword (weapon)
Missiles
 h - 17 sling bullets
Armour
 a - a +0 robe (worn)
 e - a +0 leather armour
Jewellery
 g - a ring of ice
Scrolls
 b - a scroll of noise {unknown}
 c - a scroll of identify {unknown}
 d - 2 scrolls of enchant armour {unknown}
 f - a scroll of blinking {unknown}


   Skills:
 + Level 2.1 Dodging
 + Level 2.0 Stealth
 + Level 2.4 Spellcasting
 + Level 4.8 Conjurations


You had 5 spell levels left.
You knew the following spells:

 Your Spells              Type           Power      Damage    Failure   Level
a - Magic Dart            Conj           80%        1d7       2%          1

Your spell library contained the following spells:

 Spells                   Type           Power      Damage    Failure   Level
 Searing Ray              Conj           40%        3d4       3%          2
 Dazzling Flash           Conj/Hex       22%        N/A       19%         3
 Fulminant Prism          Conj/Hex       5%         3d7       52%         4
 Iskenderun's Mystic Bla  Conj/Tloc      11%        2d4       52%         4


Dungeon Overview and Level Annotations

Branches:
Dungeon (2/15)

Altars:

Annotations:
D:2 Natasha


Message History

The endoplasm is lightly wounded.
The endoplasm freezes you.
You are frozen.
Natasha mumbles some strange words.
You hit the endoplasm.
The endoplasm is almost dead.
The endoplasm hits you.
* * * LOW HITPOINT WARNING * * *
Unknown command.
Aiming: Magic Dart (safe; 2% risk of failure)
Press: ? - help, Q - select action Shift-Dir - straight line, f - endoplasm
Aim: an endoplasm (almost dead, 100% to hit)
The magic dart hits the endoplasm.
You kill the endoplasm!
Unknown command.
You barely miss Natasha. Natasha closely misses you.
The shadow imp shouts, "Remove thy stench, thou dankish mumble-news pigeon-egg!"
Natasha claws you.
* * * LOW HITPOINT WARNING * * *
You hit Natasha but do no damage.
Natasha mumbles some strange words.
Unknown command.
Casting: Magic Dart (safe; 2% risk of failure)
Confirm with . or Enter, or press ? or * to list all spells.
Aiming: Magic Dart (safe; 2% risk of failure)
Press: ? - help, Shift-Dir - straight line, f - crimson imp
Aim: a crimson imp (summoned, 100% to hit)
The magic dart hits the crimson imp.
The crimson imp is lightly wounded.
Natasha barely misses you.
The crimson imp blinks!
Unknown command.
Casting: Magic Dart (safe; 2% risk of failure)
Confirm with . or Enter, or press ? or * to list all spells.
Aiming: Magic Dart (safe; 2% risk of failure)
Press: ? - help, Shift-Dir - straight line, f/p - crimson imp
Aim: a crimson imp (summoned, 100% to hit)
The magic dart hits Natasha.
Natasha is moderately wounded.
Natasha claws you.
You die...

#.........# .# #÷....####.
#.........##.# ##..#......
#.........##.# ##.#......
#............#######........
#.........##................
#.....(....#................
####.#.###.#.##.....)...###.
#.#.# #...#####.)5...##
####.#.# ##...§@h5.......#
##.<....# #.#######..###.#
#.......##...# #..# ...
.........#.### ..... ...
...<.......# #..... ..
..........## )...#...
..........# .#.##...
.........## # .# ..
#..........


You could see Natasha, a crimson imp (summoned) and a shadow imp (summoned).

Vanquished Creatures
  Natasha (D:2)
  A bat (D:1)
  3 endoplasms
  A giant cockroach (D:1)
  2 hobgoblins
  3 ball pythons (D:1)
  3 frilled lizards (D:1)
  4 kobolds
  A rat (D:1)
19 creatures vanquished.

Notes
Turn   | Place    | Note
-------+----------+-------------------------------------------
     0 | D:1      | Zonian the Human Conjurer began the quest for the Orb.
     0 | D:1      | Reached XP level 1. HP: 13/13 MP: 3/3
   634 | D:1      | Reached XP level 2. HP: 19/19 MP: 0/5
  1524 | D:2      | Noticed Natasha
  1529 | D:2      | Killed Natasha
  1530 | D:2      | Reached XP level 3. HP: 14/24 MP: 0/6
  1793 | D:2      | Noticed Natasha
  1808 | D:2      | HP: 1/24 [Natasha (5)]
  1811 | D:2      | Slain by Natasha

Illustrated notes

Levels and vault maps discovered:
D:1:      beargit_arrival_greenhouse, layout_basic, minmay_bisected
D:2:      layout_rooms, uniq_sigmund, uniq_natasha

Action                   || total
-------------------------++-------
Melee: Unarmed           ||    14
       Short sword       ||     6
 Cast: Magic Dart        ||    45
Armor: Robe              ||     6
Dodge: Dodged            ||    25

Table legend: (Time is in decaauts)
 A = Elapsed time spent in this place.
 B = Non-inter-level travel time spent in this place.
 C = Inter-level travel time spent in this place.
 D = Time resting spent in this place.
 E = Time spent auto-exploring this place.
 F = Levels seen in this place.
 G = Mean time per level.
                   A        B        C        D        E       F      G
               +--------+--------+--------+--------+--------+-----+--------+
         Total |   1811 |   1798 |     13 |    965 |    663 |   2 |  905.5 |
       Dungeon |   1811 |   1798 |     13 |    965 |    663 |   2 |  905.5 |
               +--------+--------+--------+--------+--------+-----+--------+

Top non-repeatable levels by time:
     D:1: 1404 daAuts
     D:2: 407 daAuts
